 Dungeon Crawl Stone Soup version 0.18-a0-1655-ge2d8d33 (webtiles) character file.

49 Oddball22 the Grave Robber (level 3, -7/25 HPs)
             Began as a Mummy Necromancer on Mar 31, 2016.
             Killed from afar by Sigmund (8 damage)
             ... with a magic dart
             ... on level 2 of the Dungeon.
             The game lasted 00:04:37 (1671 turns).

Oddball22 the Grave Robber (Mummy Necromancer)      Turns: 1671, Time: 00:04:38

Health: -7/25      AC:  2    Str: 11    XL:     3   Next: 53%
Magic:  7/7        EV: 12    Int: 15    God:
Gold:   45         SH:  0    Dex: 12    Spells: 3 memorised, 3 levels left

rFire  x . .     SeeInvis .     f - +0 hunting sling
rCold  + . .     Gourm    .     a - +0 robe
rNeg   + + +     Faith    .     (no shield)
rPois  ∞         Spirit   .     (no helmet)
rElec  .         Dismiss  .     (no cloak)
rCorr  .         Reflect  .     (no gloves)
SustAt .         Harm     .     (no boots)
MR     .....                    (no amulet)
Stlth  ++........               (no ring)
                                (no ring)

@: not resistant to hostile enchantments, unstealthy
A: no food or potions, fire vulnerability, cold resistance 1, negative energy
resistance 3, torment resistance, unbreathing
a: no special abilities


You were on level 2 of the Dungeon.
You were not hungry.

You visited 1 branch of the dungeon, and saw 2 of its levels.

You collected 45 gold pieces.

Inventory:

Hand Weapons
 f - a +0 hunting sling (weapon)
Missiles
 e - 18 bolts
 g - 20 stones (quivered)
Armour
 a - a +0 robe (worn)
Scrolls
 c - a scroll of remove curse {unknown}
 d - 3 scrolls of amnesia {unknown}
Books
 b - a book of Necromancy

   Spells                             Type                      Level
   a - Pain                           Necromancy                   1
   b - Animate Skeleton               Necromancy                   1
   c - Vampiric Draining              Necromancy                   3
   d - Regeneration                   Charms/Necromancy            3
   e - Animate Dead                   Necromancy                   4
   f - Control Undead                 Necromancy                   4


   Skills:
 - Level 0.8 Fighting
 - Level 1.5 Dodging
 - Level 1.5 Stealth
 * Level 3.0 Spellcasting
 + Level 4.4 Necromancy


You had 3 spell levels left.
You knew the following spells:

 Your Spells              Type           Power        Failure   Level  Hunger
a - Pain                  Necr           ###.         3%          1    N/A
b - Animate Skeleton      Necr           N/A          3%          1    N/A
c - Vampiric Draining     Necr           ###.......   12%         3    N/A

Dungeon Overview and Level Annotations

Branches:
Dungeon (2/15)

Altars:

Annotations:
D:2 Sigmund


Innate Abilities, Weirdness & Mutations

You do not eat or drink.
Your flesh is vulnerable to fire.
You are immune to poison.
Your flesh is cold resistant.
You are immune to negative energy.
You are immune to unholy pain and torment.
You can survive without breathing.


Message History

Press: ? - help, Shift-Dir - straight line, f/p - Sigmund
Aim: Sigmund, wielding a scythe of venom and wearing a glowing robe You shoot a stone.
The stone hits Sigmund.
Sigmund is lightly wounded.
Firing (i - inventory):
g - 21 stones (quivered)
Press: ? - help, Shift-Dir - straight line, f/p - Sigmund
Aim: Sigmund, wielding a scythe of venom and wearing a glowing robe (lightly wounded)
You shoot a stone. The stone hits Sigmund.
Sigmund is lightly wounded.
Sigmund casts a spell.
Sigmund flickers and vanishes!
Deactivating autopickup; reactivate with Ctrl-A.
No target in view!
A puff of flame appears from out of thin air!
The puff of flame hits you! The fire burns you terribly!
Ouch! That really hurt!
* * * LOW HITPOINT WARNING * * *
A magic dart appears from out of thin air!
The magic dart hits you!
You die...

#.####### # .....{.(. # #.# # #.#
# #{# # #.# # #.# ###############
#.#################..............
#...............@...#############
#####################


There were no monsters in sight!

Vanquished Creatures
  2 oozes
  2 dart slugs (D:2)
  A worm (D:2)
  2 giant geckos (D:1)
  6 bats
  7 goblins
  2 hobgoblins (D:1)
  A quokka (D:2)
  2 giant newts (D:2)
  5 kobolds (D:1)
  2 rats (D:1)
32 creatures vanquished.

Notes
Turn   | Place    | Note
--------------------------------------------------------------
     0 | D:1      | Oddball22 the Mummy Necromancer began the quest for the Orb.
     0 | D:1      | Reached XP level 1. HP: 13/13 MP: 3/3
   385 | D:1      | Reached XP level 2. HP: 18/20 MP: 0/5
  1088 | D:2      | Learned a level 1 spell: Animate Skeleton
  1138 | D:2      | Reached XP level 3. HP: 25/25 MP: 0/7
  1494 | D:2      | Learned a level 3 spell: Vampiric Draining
  1648 | D:2      | Noticed Sigmund
  1668 | D:2      | HP: 1/25 [something/puff of flame (13)]
  1671 | D:2      | Killed from afar by Sigmund

Vault maps used:
D:1:      zaba_arrival_water, serial_bayou, serial_bayou_pond_e,
          serial_bayou_lagoon_a, serial_bayou_pond_b, serial_bayou_pond_d
D:2:      dk_noncrumbling_4, uniq_sigmund, uniq_robin

Skill      XL: |  1  2  3 |
---------------+----------+-----
Spellcasting   | 3 |  3.0
Fighting       | |  0.8
Dodging        | |  1.5
Stealth        | |  1.5
Necromancy     | |  4.4

Action                   || total
-------------------------++-------
Melee: Unarmed           ||    29
 Fire: Hunting sling     ||     4
 Cast: Pain              ||    74
